 Dungeon Crawl Stone Soup version 0.31.0-9-g3a7656b989 (webtiles) character file.

Game seed: 11088219478616981275

5027 Eitelfritz the Artisan of Death (level 10, -11/71 HPs)
             Began as a Demonspawn Necromancer on Feb 3, 2024.
             Was a Priest of Kikubaaqudgha.
             Mangled by an orc warlord
             ... wielding a +5 battleaxe
              (23 damage)
             ... in a bailey.
             The game lasted 00:28:12 (8851 turns).

Eitelfritz the Artisan of Death (DsNe)              Turns: 8851, Time: 00:28:13

Health: -11/71     AC: 10    Str: 14    XL:     10   Next: 30%
Magic:  11/19      EV: 16    Int: 27    God:    Kikubaaqudgha [***...]
Gold:   505        SH:  0    Dex: 21    Spells: 7/21 levels left

rFire   . . .        a - +4 quick blade (drain)
rCold   . . .        (no shield)
rNeg    . . .        f - +0 robe
rPois   +            (no helmet)
rElec   .            F - +1 cloak
rCorr   +            s - +2 pair of gloves
SInv    .            B - +2 pair of boots
Will    .....        (no amulet)
Stlth   +++          G - ring of poison resistance
HPRegen 0.31/turn    c - ring of the Quiescent God {^Drain rCorr Str+4 Int+6 Dex+8}
MPRegen 0.16/turn

%: no passive effects
@: no status effects
A: powered by pain 2, spiny 2, big brain 1
a: Renounce Religion, Unearth Wretches


You were in a bailey.
You worshipped Kikubaaqudgha.
Kikubaaqudgha was most pleased with you.
You visited 2 branches of the dungeon, and saw 9 of its levels.
You also visited: Ossuary and Bailey.

You collected 505 gold pieces.

Inventory:

Hand Weapons
 a - a +4 quick blade of draining (weapon)
 b - a +0 arbalest
 d - a +2 short sword of speed
 k - a +2 vampiric short sword
 o - a +2 morningstar of draining
 z - a +0 sling
Missiles
 h - 10 poisoned darts
Armour
 f - a +0 robe (worn)
 s - a +2 pair of gloves (worn)
 B - a +2 pair of boots (worn)
 F - a +1 cloak (worn)
Jewellery
 c - the ring of the Quiescent God (right hand) {^Drain rCorr Str+4 Int+6 Dex+8}
   (You acquired it on level 3 of the Dungeon)

   [ring of intelligence]

   Str+4:     It affects your strength (+4).
   Int+6:     It affects your intelligence (+6).
   Dex+8:     It affects your dexterity (+8).
   rCorr:     It protects you from acid and corrosion.
   ^Drain:    It drains your maximum health when unequipped.
 e - a +4 ring of protection
 p - a +4 ring of protection
 t - a +4 ring of protection
 u - a ring of positive energy
 G - a ring of poison resistance (left hand)
Wands
 m - a wand of charming (7)
 C - a wand of flame (61)
Scrolls
 x - 3 scrolls of revelation
 A - a scroll of poison
 D - a scroll of vulnerability
 E - 7 scrolls of teleportation
Potions
 g - 3 potions of heal wounds
 i - 2 potions of attraction
 j - 2 potions of haste
 l - 2 potions of magic
 n - 2 potions of berserk rage
 q - 3 potions of mutation
 r - a potion of lignification
 v - 5 potions of curing
 w - a potion of enlightenment {unknown}
 H - a potion of resistance {unknown}
 I - a potion of brilliance {unknown}
 J - a potion of cancellation {unknown}


   Skills:
 + Level 4.0 Fighting
 + Level 7.0 Short Blades
 + Level 5.9 Dodging
 + Level 5.7 Stealth
 + Level 6.4 Spellcasting
 + Level 8.3 Necromancy


You had 7 spell levels left.
You knew the following spells:

 Your Spells              Type           Power      Damage    Failure   Level
a - Necrotise             Necr           100%       1d9       1%          1
b - Vampiric Draining     Necr           52%        2d9       1%          3
c - Animate Dead          Necr           52%        N/A       1%          4
d - Curse of Agony        Necr           52%        N/A       5%          5
e - Kiss of Death         Conj/Necr      100%       2d13      1%          1

Your spell library contained the following spells:

 Spells                   Type           Power      Damage    Failure   Level
 Martyr's Knell           Necr/Summ      31%        N/A       11%         4
 Borgnjor's Vile Clutch   Necr/Erth      15%        N/A       30%         5
 Death Channel            Necr           26%        N/A       30%         6


Dungeon Overview and Level Annotations

Branches:
Dungeon (8/15)             Temple (1/1) D:6         Ossuary (visited)
 Bailey (1/1)
   Lair: D:8-11

Altars:
Ashenzari
Dithmenos
Gozag
Hepliaklqana
Kikubaaqudgha
Makhleb
Nemelex Xobeh
Qazlal
Ru
Sif Muna
Trog
Vehumet
Wu Jian
Xom
Yredelemnul

Annotations:
D:3 2 transporters, ripuliukko's ghost, amateur GrEE


Innate Abilities, Weirdness & Mutations

You sometimes gain power by taking damage.
You are mostly covered in sharp spines.
You have an unusually large brain. (Int +2)


Message History

Your kobold zombie is destroyed!
You hit the orc warlord but do no damage.
You drain the orc warlord. You barely miss the orc warlord.
The orc warlord is lightly wounded.
The orc warlord is struck by your spines.
The orc warlord hits you with a +5 battleaxe!!
You focus on the pain.
You feel your power returning.
Unknown command.
Casting: Vampiric Draining (safe; 1% risk of failure)
Confirm with . or Enter, or press ? or * to list all spells.
Aiming: Vampiric Draining (safe; 1% risk of failure)
Press: ? - help, Shift-Dir - straight line, f/p - orc warlord
Aim: an orc warlord, wielding a +5 battleaxe and wearing a +0 chain mail (moderately wounded, lightly drained)
You draw life force from the orc warlord!
You feel life coursing into your body! The orc warlord misses you.
Unknown command.
Casting: Vampiric Draining (safe; 1% risk of failure)
Confirm with . or Enter, or press ? or * to list all spells.
Aiming: Vampiric Draining (safe; 1% risk of failure)
Press: ? - help, Shift-Dir - straight line, f/p - orc warlord
Aim: an orc warlord, wielding a +5 battleaxe and wearing a +0 chain mail (moderately wounded, lightly drained)
You draw life force from the orc warlord!
You feel life coursing into your body.
The orc warlord hits you with a +5 battleaxe.
Casting: Vampiric Draining (safe; 1% risk of failure)
Confirm with . or Enter, or press ? or * to list all spells.
Aiming: Vampiric Draining (safe; 1% risk of failure)
Press: ? - help, Shift-Dir - straight line, f/p - orc warlord
Aim: an orc warlord, wielding a +5 battleaxe and wearing a +0 chain mail (moderately wounded, lightly drained)
You draw life force from the orc warlord.
You feel life coursing into your body.
The orc warlord is struck by your spines.
The orc warlord hits you with a +5 battleaxe!!
* * * LOW HITPOINT WARNING * * *
You hit the orc warlord.
You hit the orc warlord but do no damage.
The orc warlord is heavily wounded.
The orc warlord hits you with a +5 battleaxe!!
You die...
Kikubaaqudgha rasps: "You have failed me!
Welcome... death!"

#.........Z)..)..'....8..8..#≈≈
#...8....ZZ#########........#≈≈
##......####~~~#~~~##Z.....##≈≈
##.....#~~#~.....%~#.....##...
##....#~........!~#....##....
#...##~8.8...8.8##..).#Z....
#)..'~~.........#...).'.....
#...'~~....∩)...#...(.'(..∩.
#)..'~~....@o...#.....'.....
#...##~8.8...8.8##....#.....
##....#~........!~#.)(.##....
##.....#~~#~.....)~#.....##...
##...(..####~~~#~~~##..)...##≈≈
#...8......#########..(.....#≈≈
#..........'..Z.ZZ....8..8..#≈≈
#..........#~~~~~#..........#≈≈
##..8..8...#~)~~~#.........##≈≈


You could see an orc warlord (drained).

Vanquished Creatures
  A two-headed ogre (D:6)
  Pikel (D:5)
  A kobold demonologist (D:6)
  Grinder (D:5)
  A wyvern (D:8)
  A steam dragon (D:7)
  Menkaure (D:7)
  A water moccasin (D:7)
  6 orc warriors
  2 ice beasts (D:5)
  4 lemures (D:5)
  A phantom (D:6)
  An elf zombie (Ossuary)
  3 scorpions
  7 wights (D:7)
  3 howler monkeys (D:7)
  3 centaur zombies (Ossuary)
  2 bombardier beetles
  5 hounds
  A jelly (D:4)
  2 human zombies (Ossuary)
  7 orc priests
  Crazy Yiuf (D:6)
  A sleepcap (D:7)
  Terence (D:2)
  4 iguanas (D:5)
  8 orc wizards
  Natasha (thrice) (D:2)
  7 hound zombies (Ossuary)
  2 mummies (Ossuary)
  6 gnolls
  5 adders
  A shadow imp (D:6)
  A white imp (D:5)
  2 ufetubi (D:6)
  An adder zombie (Ossuary)
  4 dart slugs
  4 ribbon worms
  21 orcs
  12 ball pythons
  13 bats
  7 endoplasms
  4 giant cockroaches
  7 gnoll zombies (Ossuary)
  13 goblins
  5 hobgoblins
  8 jackals (D:4)
  12 kobolds
  2 quokkas
  2 frilled lizards (D:3)
  9 jackal zombies (Ossuary)
  2 kobold zombies (Ossuary)
  5 orc zombies (Ossuary)
  3 rats
  A rat zombie (D:7)
232 creatures vanquished.

Vanquished Creatures (collateral kills)
  2 bats (D:3)
  An endoplasm (D:2)
  A goblin (D:2)
4 creatures vanquished.

Vanquished Creatures (others)
  2 gnoll zombies (Bailey)
  2 goblin zombies (Bailey)
  4 kobold zombies (Bailey)
  2 orc zombies (Bailey)
10 creatures vanquished.

Grand Total: 246 creatures vanquished

Notes
Turn   | Place    | Note
-------+----------+-------------------------------------------
     0 | D:1      | Eitelfritz the Demonspawn Necromancer began the quest for
                  | the Orb.
     0 | D:1      | Reached XP level 1. HP: 13/13 MP: 3/3
   329 | D:1      | Gained mutation: You sometimes gain a little power by
                  | taking damage. [demonic ancestry]
   329 | D:1      | Reached XP level 2. HP: 19/19 MP: 3/5
   690 | D:1      | Reached skill level 5 in Necromancy
  1279 | D:2      | Gained mutation: You sometimes gain power by taking damage.
                  | [demonic ancestry]
  1279 | D:2      | Reached XP level 3. HP: 21/24 MP: 0/6
  1350 | D:2      | Noticed Natasha
  1360 | D:2      | Learned a level 3 spell: Vampiric Draining
  1373 | D:2      | Killed Natasha
  1456 | D:2      | Noticed Natasha
  1511 | D:2      | Killed Natasha
  1512 | D:2      | Gained mutation: You have an unusually large brain. (Int
                  | +2) [demonic ancestry]
  1512 | D:2      | Reached XP level 4. HP: 11/30 MP: 2/8
  1598 | D:2      | Noticed Terence
  1628 | D:2      | Noticed Natasha
  1638 | D:2      | Killed Natasha
  1644 | D:2      | Learned a level 4 spell: Animate Dead
  1662 | D:2      | Killed Terence
  1663 | D:2      | Reached XP level 5. HP: 8/35 MP: 1/9
  2802 | D:3      | Noticed ripuliukko's ghost (amateur GrEE)
  2803 | D:3      | Found a transporter.
  2807 | D:3      | Found a transporter.
  3046 | D:3      | Found a faded altar of an unknown god.
  3050 | D:3      | Found a sacrificial altar of Ru.
  3401 | D:3      | Identified 2 scrolls of acquirement
  3401 | D:3      | Acquired the ring of the Quiescent God {^Drain rCorr Str+4
                  | Int+6 Dex+8}
  3470 | D:4      | Reached skill level 6 in Necromancy
  3511 | D:4      | Reached skill level 1 in Short Blades
  3649 | D:4      | Gained mutation: You are partially covered in sharp spines.
                  | [demonic ancestry]
  3649 | D:4      | Reached XP level 6. HP: 28/42 MP: 5/11
  3816 | D:4      | Reached skill level 1 in Fighting
  4527 | D:4      | Learned a level 5 spell: Curse of Agony
  4528 | D:5      | Entered Level 5 of the Dungeon
  4656 | D:5      | Noticed an ice beast
  4662 | D:5      | Killed an ice beast
  4663 | D:5      | Reached XP level 7. HP: 37/48 MP: 9/13
  4801 | D:5      | Noticed Pikel
  4804 | D:5      | Noticed Grinder
  4879 | D:5      | Reached skill level 5 in Spellcasting
  4880 | D:5      | Acquired a +2 quick blade of draining
  5100 | D:5      | Reached skill level 7 in Necromancy
  5765 | D:6      | Found a staircase to the Ecumenical Temple.
  5776 | Temple   | Entered the Ecumenical Temple
  5826 | D:6      | Reached XP level 8. HP: 28/54 MP: 14/16
  5942 | D:6      | Found a broken altar of Ashenzari.
  5943 | D:6      | Found a basalt altar of Yredelemnul.
  6000 | D:6      | Noticed a kobold demonologist
  6013 | D:6      | Killed a kobold demonologist
  6041 | D:6      | Noticed a two-headed ogre
  6048 | D:6      | Killed a two-headed ogre
  6049 | D:6      | Gained mutation: You are mostly covered in sharp spines.
                  | [demonic ancestry]
  6049 | D:6      | Reached XP level 9. HP: 37/62 MP: 10/17
  6211 | D:6      | Found a runed translucent door.
  6212 | D:6      | Noticed Crazy Yiuf
  6448 | D:6      | Killed Crazy Yiuf
  6538 | D:5      | Paralysed by Grinder for 3 turns
  6548 | D:5      | Killed Grinder
  6712 | D:5      | Killed Pikel
  6713 | D:5      | Reached skill level 5 in Dodging
  6810 | Temple   | Became a worshipper of Kikubaaqudgha
  6861 | D:7      | Reached skill level 5 in Short Blades
  6866 | D:7      | Reached skill level 5 in Stealth
  6938 | D:7      | Reached skill level 8 in Necromancy
  6984 | D:7      | Found a radiant altar of Vehumet.
  7041 | D:7      | Found a sand-covered staircase.
  7063 | Ossuary  | Entered an ossuary
  7110 | Ossuary  | Reached * piety under Kikubaaqudgha
  7110 | Ossuary  | Received a gift from Kikubaaqudgha
  7118 | Ossuary  | Learned a level 1 spell: Kiss of Death
  7217 | Ossuary  | Reached ** piety under Kikubaaqudgha
  7633 | D:7      | Reached XP level 10. HP: 71/71 MP: 19/19
  7838 | D:7      | Identified the +3 ring mail "Acaf" {rN+ Str+5 Int+4 Dex-4}
  8067 | D:7      | Noticed Menkaure
  8080 | D:7      | Killed Menkaure
  8363 | D:8      | Found a burning altar of Makhleb.
  8422 | D:8      | Found a flagged portal.
  8444 | Bailey   | Entered a bailey
  8502 | Bailey   | Noticed an orc warlord
  8628 | Bailey   | Found a runed translucent gate.
  8631 | Bailey   | Found a runed translucent gate.
  8633 | Bailey   | Found a runed translucent gate.
  8654 | Bailey   | Reached *** piety under Kikubaaqudgha
  8654 | Bailey   | Received a gift from Kikubaaqudgha
  8851 | Bailey   | Mangled by an orc warlord

Illustrated notes

Levels and vault maps discovered:
D:1:      giann_wishing_wells, layout_loops_cross,
          nicolae_concentric_dashed_squares_mild
D:2:      layout_loops_ring, minmay_pentomino_t2, uniq_natasha, uniq_terence
D:3:      layout_loops_ring, nicolae_overflow_ecumenical_swirl,
          gammafunk_ghost_mausoleum, nicolae_concentric_dashed_squares_wild,
          minmay_misc_feat_iff, roderic_batcave
D:4:      layout_basic, tso_altar, mainiacjoe_overflow_chevrons
D:5:      layout_gridville, hangedman_decor_points, uniq_pikel, uniq_grinder
D:6:      layout_rooms, nicolae_overflow_hidden_temple,
          minmay_temple_entry_statues_fountains, kb_rosetta,
          uniq_crazy_yiuf_cottage
D:7:      layout_loops_cross, mainiacjoe_overflow_catwalk,
          nicolae_vehumet_altar_sigil, enter_ossuary_3, eino_tiny_chamber,
          grunt_decor_mini_mirrors, chequers_serial_rivers_room_b, uniq_menkaure
D:8:      layout_basic, kennysheep_mini_moat, serial_shops, shop,
          enter_bailey_3, minivault_1, chequers_serial_rivers_marsh
Temple:   hellmonk_temple_micro_hex
Bailey:   bailey_axe_bossmonster_kennysheep, bailey

Skill      XL: |  1  2  3  4  5  6  7  8  9 10 |
---------------+-------------------------------+-----
Necromancy     | 5 6 7 8 |  8.3
Stealth        | 2 3 4 5 |  5.7
Dodging        | 2 3 4 5 |  5.9
Spellcasting   | 3 4 5 6 |  6.4
Short Blades   | 1 2 4 6 7 |  7.0
Fighting       | 1 2 3 4 |  4.0

Action                     |  1- 3 |  4- 6 |  7- 9 | 10-12 || total
---------------------------+-------+-------+-------+-------++-------
  Melee: Short sword       |    24 |   128 |    15 |       ||   167
         Punch             |     1 |     3 |     6 |     2 ||    12
         Unarmed           |     1 |       |       |       ||     1
         Quick blade       |       |       |   440 |   168 ||   608
   Cast: Necrotise         |    45 |    80 |     9 |       ||   134
         Vampiric Draining |     1 |     4 |     4 |     4 ||    13
         Animate Dead      |       |       |     1 |     6 ||     7
    Use: Scroll            |       |     6 |    14 |     3 ||    23
   Stab: Sleeping          |     4 |    11 |    12 |       ||    27
 Armour: Robe              |    35 |    97 |   153 |    45 ||   330
  Dodge: Dodged            |    40 |   104 |   201 |    47 ||   392
